 Dungeon Crawl Stone Soup version 0.30-a0-6-g7c9e10e132 (webtiles) character file.

Game seed: 12063383891151387352

145 SensoryNuts the Chopper (level 5, -6/46 HPs)
             Began as a Hill Orc Fighter on Aug 22, 2022.
             Blown up by Ijyb (18 damage)
             ... with a mindburst bolt
             ... on level 4 of the Dungeon.
             The game lasted 00:03:19 (3664 turns).

SensoryNuts the Chopper (Hill Orc Fighter)          Turns: 3664, Time: 00:03:20

Health: -6/46      AC: 10    Str: 21    XL:     5   Next: 27%
Magic:  5/5        EV:  9    Int:  8    God:
Gold:   254        SH:  4    Dex: 10    Spells: 4/4 levels left

rFire   . . .      SeeInvis .    s - +0 hand axe (distort)
rCold   . . .      Faith    .    c - +0 buckler
rNeg    . . .      Spirit   .    b - +0 scale mail
rPois   .          Reflect  .    (no helmet)
rElec   .          Harm     .    (no cloak)
rCorr   .          Rampage  .    o - +0 pair of gloves
Will    .....                    i - +1 pair of boots
Stlth   ..........               (no amulet)
HPRegen 0.15/turn                (no ring)
MPRegen 0.09/turn                (no ring)

@: no status effects
A: no striking features
a: no special abilities


You were on level 4 of the Dungeon.
You visited 1 branch of the dungeon, and saw 4 of its levels.

You collected 254 gold pieces.

Inventory:

Hand Weapons
 a - a +0 war axe
 s - a +0 hand axe of distortion (weapon)
Armour
 b - a +0 scale mail (worn)
 c - a +0 buckler (worn)
 i - a +1 pair of boots (worn)
 o - a +0 pair of gloves (worn)
Jewellery
 n - a ring of poison resistance
 r - a ring of see invisible
Scrolls
 j - a scroll of vulnerability
 k - 4 scrolls of teleportation
 q - a scroll of amnesia {unknown}
 u - a scroll of identify
 v - a scroll of brand weapon {unknown}
Potions
 d - a potion of attraction {unknown}
 e - a potion of lignification
 f - a potion of berserk rage {unknown}
 g - a potion of degeneration {unknown}
 h - a potion of brilliance {unknown}
 l - a potion of heal wounds {unknown}
 m - a potion of curing
 p - a potion of might
 t - 2 potions of magic {unknown}


   Skills:
 + Level 4.1 Fighting
 + Level 4.9 Axes
 + Level 4.4 Armour
 + Level 0.2 Dodging
 + Level 0.1 Stealth
 + Level 3.9 Shields


You had 4 spell levels left.
You didn't know any spells.
Your spell library contained the following spells:

 Spells                   Type           Power      Damage    Failure   Level
 Call Canine Familiar     Summ           0%         N/A       99%         3
 Portal Projectile        Hex/Tloc       0%         N/A       99%         3
 Leda's Liquefaction      Hex/Erth       0%         N/A       100%        4
 Dispersal                Tloc           0%         N/A       100%        6
 Disjunction              Tloc           0%         N/A       100%        8


Dungeon Overview and Level Annotations

Branches:
Dungeon (4/15)
 Temple: D:4-7

Altars:
Elyvilon
Ru

Shops:
D:1 [   D:2 *

Annotations:
D:4 Ijyb


Message History

Ijyb zaps a wand.
Your mind is blasted!
An orc comes into view. It is wielding a +0 flail.
A scorpion comes into view.
The scorpion moves out of view.
You hit Ijyb.
Ijyb is lightly wounded.
Ijyb blinks!
You slash the goblin!
You kill the goblin!
You hit the orc.
Space warps around the orc.
You kill the orc!
Ijyb zaps a wand.
You barely resist.
Ijyb zaps a wand.
You barely resist. You hit Ijyb but do no damage.
Ijyb is lightly wounded.
Ijyb hits you with a +0 club.
You hit Ijyb.
Ijyb is moderately wounded.
Ijyb blinks!
Ijyb zaps a wand.
You barely resist. You barely miss Ijyb.
Ijyb is moderately wounded.
Ijyb hits you but does no damage.
You hit Ijyb but do no damage.
Space warps around Ijyb.
Ijyb is heavily wounded.
Ijyb completely misses you.
You hit Ijyb.
Space warps around Ijyb.
Ijyb is almost dead.
Ijyb zaps a wand.
Your mind is blasted!
There are monsters nearby!
There are monsters nearby!
There are monsters nearby!
You are too injured to fight recklessly!
You closely miss Ijyb.
Ijyb is almost dead.
Ijyb zaps a wand.
Your mind is blasted!
* * * LOW HITPOINT WARNING * * *
Unknown command.
It was a potion of curing.
You feel better.
Ijyb zaps a wand.
Your mind is blasted!
You die...

..# ..# #..#
... ###'###
#.s...# #.
#.....#
#.##@....#
#.g.....#
#.#.)...###
#.#....#.).#
..
##...###.##
#. #...#
#.)# # #...#
##.####
#...# #....#
#####
##.##.#♣♣ ♣


You could see Ijyb and a scorpion.

Vanquished Creatures
  Crazy Yiuf (D:2)
  2 adders
  A worm (D:2)
  3 dart slugs
  7 orcs
  7 ball pythons
  8 endoplasms
  2 giant cockroaches
  4 goblins
  8 hobgoblins
  4 jackals (D:2)
  7 kobolds
  5 quokkas
  4 bats
  4 frilled lizards
  5 rats
72 creatures vanquished.

Notes
Turn   | Place    | Note
-------+----------+-------------------------------------------
     0 | D:1      | SensoryNuts the Hill Orc Fighter began the quest for the
                  | Orb.
     0 | D:1      | Reached XP level 1. HP: 19/19 MP: 1/1
   270 | D:1      | Reached XP level 2. HP: 25/27 MP: 2/2
   415 | D:1      | Found a faded altar of an unknown god.
   415 | D:1      | You fall into a shaft and drop 1 floor!
   760 | D:1      | Reached XP level 3. HP: 33/33 MP: 3/3
   974 | D:1      | Found Iwoo's Armour Emporium.
  1395 | D:2      | Found Irghom's Assorted Antiques.
  1513 | D:2      | Found a sacrificial altar of Ru.
  2029 | D:2      | Found a runed translucent door.
  2030 | D:2      | Noticed Crazy Yiuf
  2273 | D:2      | Killed Crazy Yiuf
  2274 | D:2      | Reached XP level 4. HP: 36/40 MP: 4/4
  3458 | D:4      | Reached XP level 5. HP: 46/46 MP: 5/5
  3533 | D:4      | Found a white marble altar of Elyvilon.
  3647 | D:4      | Noticed Ijyb
  3664 | D:4      | Blown up by Ijyb

Illustrated notes

Levels and vault maps discovered:
D:1:      minmay_arrival_nine_rooms, layout_basic, serial_shops,
          nicolae_lakefront_shop, hellmonk_ecumenical_altar_lost_god,
          nrook_mini_vaults
D:2:      layout_loops_cross, serial_shops, nicolae_diamond_shop, basic_altar,
          amcnicky_mini_pool_small, minivault_25, uniq_crazy_yiuf_cottage
D:3:      layout_basic
D:4:      layout_basic, elyvilon_altar_3, minivault_23, uniq_ijyb

Skill      XL: |  1  2  3 |
---------------+----------+-----
Axes           | 3 4 |  4.9
Fighting       | 4 |  4.1
Armour         | 4 |  4.4
Dodging        | |  0.2
Stealth        | |  0.1
Shields        | |  3.9

Action                   |  1- 3 |  4- 6 || total
-------------------------+-------+-------++-------
Melee: War axe           |   107 |    34 ||   141
       Hand axe          |       |    41 ||    41
  Use: Scroll            |     3 |     2 ||     5
       Potion            |     1 |     1 ||     2
Armor: Scale mail        |    48 |    39 ||    87
Dodge: Dodged            |    66 |    34 ||   100
Block: Buckler           |    29 |     9 ||    38

Table legend: (Time is in decaauts)
 A = Elapsed time spent in this place.
 B = Non-inter-level travel time spent in this place.
 C = Inter-level travel time spent in this place.
 D = Time resting spent in this place.
 E = Time spent auto-exploring this place.
 F = Levels seen in this place.
 G = Mean time per level.
                   A        B        C        D        E       F      G
               +--------+--------+--------+--------+--------+-----+--------+
         Total |   3720 |   3487 |    233 |    300 |   2642 |   4 |  930.0 |
       Dungeon |   3720 |   3487 |    233 |    300 |   2642 |   4 |  930.0 |
               +--------+--------+--------+--------+--------+-----+--------+

Top non-repeatable levels by time:
     D:1: 1286 daAuts
     D:2: 1142 daAuts
     D:3: 1046 daAuts
     D:4: 246 daAuts
